AoeStats
← gtzilas

African Clearing

506720720Analyzed
4v4 RM · 19d ago on Sep 14, 2026· 53m 4s· 8 players
Game mode
Random Map
Map size
Large (8 player)
Population
200
Speed
Normal
Resources
Standard
Victory
Conquest
Starting age
Dark Age
Ending age
Imperial Age
RankedLock teamsTeams togetherTeam positionsShared explorationLock speedFull tech treeHidden civsTurbo modeCheats
Victory
Defeat
🇬🇧 Wei · United Kingdom
1058
+13
🇳🇮 Koreans · Nicaragua
1015
+15
🇺🇸 Japanese · United States
996
+16
🇺🇸 Ethiopians · United States
974
+16
🇭🇰 Magyars · Hong Kong SAR China
1045
-17
🇬🇷 Japanese · Greece
992
-15
🇬🇷 Bulgarians · Greece
975
-14
🇭🇰 Lithuanians · Hong Kong SAR China
961
-14
hqitbkv
5:58 Loom
16:30 Feudal Age
20:53 Castle Age
23:32 Man-at-Arms
24:24 Long Swordsman
Gladiator
6:00 Loom
15:46 Feudal Age
20:06 Wheelbarrow
20:09 Fishing Lines
22:41 Castle Age
21:18 Double-Bit Axe
28:13 Bow Saw
27:47 Horse Collar
28:48 Scale Barding Armor
28:55 Forging
28:50 Husbandry
29:02 Heavy Plow
36:38 Bloodlines
36:52 Chain Barding Armor
37:08 Iron Casting
37:12 Gold Mining
40:22 Gold Shaft Mining
41:10 Scale Mail Armor
45:42 Imperial Age
45:19 Hand Cart
46:32 Murder Holes
49:49 Stirrups
gtzilas
12:57 Feudal Age
13:42 Double-Bit Axe
14:43 Loom
19:25 Castle Age
18:32 Scale Mail Armor
21:26 Pikeman
23:26 Wheelbarrow
31:52 Elite Skirmisher
32:35 Padded Archer Armor
32:49 Horse Collar
37:39 Bow Saw
43:41 Imperial Age
41:30 Thumb Ring
43:43 Ballistics
45:27 Chemistry
HKolofmeiste
4:43 Loom
5:36 Loom
15:10 Feudal Age
17:13 Double-Bit Axe
19:37 Horse Collar
22:18 Castle Age
22:20 Bloodlines
25:28 Husbandry
28:26 Scale Barding Armor
28:42 Gold Mining
28:43 Stone Mining
29:54 Bow Saw
37:01 Imperial Age
Infekma
9:01 Loom
15:24 Feudal Age
16:58 Double-Bit Axe
23:16 Castle Age
21:50 Fletching
22:16 Horse Collar
23:27 Wheelbarrow
23:18 Padded Archer Armor
24:25 Bow Saw
24:31 Bodkin Arrow
26:17 Caravan
28:38 Hand Cart
28:34 Pikeman
31:34 Town Watch
31:17 Crossbowman
33:36 Heavy Plow
36:01 Stone Mining
36:02 Gold Mining
36:58 Town Watch
40:29 Town Patrol
43:43 Imperial Age
42:06 Forging
42:05 Scale Barding Armor
43:26 Iron Casting
43:56 Elite Tiger Cavalry
44:03 Elite Tiger Cavalry
47:35 Crop Rotation
49:12 Blast Furnace
48:34 Chain Barding Armor
49:18 Husbandry
49:28 Bloodlines
51:34 Spies/Treason
jasonng171286
8:11 Loom
15:19 Feudal Age
16:50 Wheelbarrow
16:01 Double-Bit Axe
16:14 Horse Collar
23:26 Castle Age
21:38 Fletching
22:14 Arson
23:34 Forging
23:48 Padded Archer Armor
23:13 Man-at-Arms
23:48 Crossbowman
25:42 Gold Mining
27:18 Stone Mining
28:22 Heavy Plow
29:25 Hand Cart
29:28 Bow Saw
29:28 Pikeman
30:25 Squires
31:00 Bodkin Arrow
32:16 Gambesons
33:09 Arson
36:12 Gold Shaft Mining
36:45 Iron Casting
39:31 Imperial Age
37:31 Scale Mail Armor
38:00 Leather Archer Armor
38:54 Chain Mail Armor
38:46 Man-at-Arms
40:47 Kataparuto
41:56 Blast Furnace
41:27 Plate Mail Armor
42:25 Two-Man Saw
41:45 Elite Samurai
41:56 Elite Samurai
43:19 Ring Archer Armor
44:18 Bracer
49:29 Yasama
53:00 Spies/Treason
Dinutuximab
14:50 Feudal Age
13:30 Loom
15:36 Double-Bit Axe
17:42 Fletching
18:52 Padded Archer Armor
25:40 Castle Age
24:05 Gold Mining
26:43 Thumb Ring
26:00 Crossbowman
34:35 Bodkin Arrow
34:56 Leather Archer Armor
37:54 Ballistics
40:10 Town Watch
40:33 Scale Mail Armor
40:44 Forging
44:01 Imperial Age
44:18 Arbalester
47:35 Ring Archer Armor
47:05 Bracer
51:26 Chemistry
53:24 Conscription
mperez
7:17 Loom
13:46 Feudal Age
18:17 Castle Age
17:29 Double-Bit Axe
18:00 Scale Mail Armor
18:41 Gold Mining
19:27 Bow Saw
20:53 Squires
20:55 Town Watch
22:31 Chain Mail Armor
37:30 Horse Collar
38:34 Gambesons
38:40 Arson
40:04 Stone Mining
41:29 Wheelbarrow
41:38 Heavy Plow
42:17 Forging
43:05 Hand Cart
46:44 Imperial Age
44:57 Treadmill Crane
45:42 Ballistics
45:33 Masonry
45:19 Murder Holes
47:09 Fletching
47:56 Iron Casting
48:13 Bodkin Arrow
49:04 Siege Engineers
50:00 Chemistry
49:31 Architecture
48:51 Capped Ram
52:31 Bracer
53:02 Plate Mail Armor
53:28 Scale Barding Armor
54:03 Conscription
Connection lost

Rejoining the realm…

Still unreachable

The connection could not be restored.

Session expired

The server has moved on; the page needs a fresh start.